AoeStats
← Great Serbia

Arabia

505743007Analyzed
3v3 RM · 22d ago on Sep 10, 2026· 34m 46s· 6 players
Game mode
Random Map
Map size
Normal (6 player)
Population
200
Speed
Normal
Resources
Standard
Victory
Conquest
Starting age
Dark Age
Ending age
Imperial Age
RankedLock teamsTeams togetherTeam positionsShared explorationLock speedFull tech treeHidden civsTurbo modeCheats
Victory
Defeat
🇩🇪 Poles · Germany
1788
+9
🇩🇪 Mapuche · Germany
1745
+11
🇩🇪 Tatars · Germany
1732
+11
🇪🇸 Britons · Spain
1654
-11
🇩🇴 Chinese · Dominican Republic
1630
-10
🇸🇪 Ethiopians · Sweden
1608
-10
milarreach
6:50 Loom
9:12 Feudal Age
10:10 Double-Bit Axe
12:44 Fletching
22:14 Castle Age
20:16 Gold Mining
20:22 Horse Collar
21:00 Padded Archer Armor
22:51 Bodkin Arrow
22:20 Crossbowman
23:17 Town Watch
24:12 Bow Saw
24:35 Ballistics
28:44 Stone Mining
35:39 Imperial Age
34:42 Wheelbarrow
34:27 Leather Archer Armor
RD | El_Zapatero22
0:25 Loom
8:55 Feudal Age
10:09 Double-Bit Axe
10:38 Horse Collar
16:35 Wheelbarrow
16:48 Forging
18:20 Scale Barding Armor
19:35 Bloodlines
23:14 Castle Age
24:09 Bow Saw
24:28 Chain Barding Armor
24:58 Light Cavalry
26:11 Husbandry
28:10 Gold Mining
28:38 Pikeman
30:40 Scale Mail Armor
31:19 Squires
31:54 Chain Mail Armor
34:02 Fletching
Great Serbia
5:36 Loom
9:03 Feudal Age
9:36 Double-Bit Axe
15:39 Horse Collar
16:50 Fletching
22:46 Wheelbarrow
22:08 Gold Mining
25:41 Castle Age
24:07 Padded Archer Armor
25:46 Crossbowman
26:53 Bow Saw
26:42 Bodkin Arrow
28:47 Ballistics
29:02 Leather Archer Armor
31:50 Thumb Ring
Lukas_AoE
5:39 Loom
8:55 Feudal Age
9:54 Double-Bit Axe
10:45 Horse Collar
19:50 Castle Age
18:50 Bloodlines
18:46 Scale Barding Armor
19:11 Forging
20:27 Town Watch
20:56 Bow Saw
21:31 Chain Barding Armor
22:12 Wheelbarrow
22:58 Husbandry
24:04 Heavy Plow
24:48 Iron Casting
26:19 Town Patrol
27:05 Szlachta Privileges
30:56 Hand Cart
33:40 Gold Mining
33:40 Stone Mining
Tigry
5:06 Loom
8:58 Feudal Age
11:02 Double-Bit Axe
15:12 Fletching
22:33 Castle Age
20:51 Gold Mining
20:43 Horse Collar
23:18 Bodkin Arrow
24:18 Wheelbarrow
27:37 Bow Saw
28:39 Ballistics
28:20 Padded Archer Armor
34:11 Leather Archer Armor
37:43 Imperial Age
WARChris
6:41 Loom
8:52 Feudal Age
11:14 Double-Bit Axe
14:46 Fletching
19:32 Wheelbarrow
22:40 Castle Age
21:00 Gold Mining
21:25 Padded Archer Armor
21:23 Horse Collar
22:42 Crossbowman
23:18 Bodkin Arrow
24:46 Ballistics
26:17 Leather Archer Armor
29:43 Bloodlines
31:14 Bow Saw
32:48 Wheelbarrow
32:11 Town Watch
37:31 Imperial Age
Connection lost

Rejoining the realm…

Still unreachable

The connection could not be restored.

Session expired

The server has moved on; the page needs a fresh start.